 Dungeon Crawl Stone Soup version 0.25.0-33-gff14898491 (webtiles) character file.

Game seed: 480997357479199876

132 Electrofox the Changer (level 4, 0/35 HPs)
             Began as a Draconian Transmuter on July 6, 2020.
             Was a Follower of Sif Muna.
             Killed from afar by an orc wizard (5 damage)
             ... with a magic dart
             ... on level 2 of the Dungeon.
             The game lasted 00:19:18 (3564 turns).

Electrofox the Changer (Draconian Transmuter)       Turns: 3564, Time: 00:19:19

Health: 0/35       AC:  5    Str: 12    XL:     4   Next: 92%
Magic:  7/8        EV: 12    Int: 14    God:    Sif Muna [*.....]
Gold:   110        SH:  0    Dex: 12    Spells: 6/9 levels left

rFire    . . .     SeeInvis .     - Unarmed
rCold    . . .     Gourm    .   (no shield)
rNeg     . . .     Faith    .   (armour unavailable)
rPois    .         Spirit   .   (helmet restricted)
rElec    .         Reflect  .   (no cloak)
rCorr    .         Harm     .   (no gloves)
MR       .....                  (no boots)
Stlth    +.........             (no amulet)
HPRegen  0.11/turn              (no ring)
MPRegen  0.11/turn              (no ring)

@: appendage (expiring)
A: unfitting armour, horns 2, cold-blooded, AC +5
a: End Transformation, Channel Magic, Renounce Religion


You were on level 2 of the Dungeon.
You worshipped Sif Muna.
Sif Muna was aware of your devotion.
You were not hungry.
You had grown temporary horns.
You visited 1 branch of the dungeon, and saw 3 of its levels.

You collected 110 gold pieces.

Inventory:

Missiles
 a - 21 arrows
 f - 78 stones (quivered)
Jewellery
 b - an uncursed ring of wizardry {unknown}
 m - an uncursed amulet of reflection {unknown}
 r - an uncursed ring of ice {unknown}
Wands
 o - a wand of acid (5)
Scrolls
 g - 2 scrolls of teleportation {unknown}
 h - a scroll of remove curse {unknown}
 i - 6 scrolls of identify {unknown}
 j - a scroll of immolation {unknown}
 k - a scroll of blinking {unknown}
 l - a scroll of fog {unknown}
 n - a scroll of fear {unknown}
Potions
 d - a potion of stabbing {unknown}
 e - a potion of lignification {unknown}
 q - a potion of curing {unknown}
Comestibles
 c - 4 rations
 p - 2 chunks of flesh


   Skills:
 - Level 1.1 Fighting
 - Level 1.8 Dodging
 - Level 3.1 Unarmed Combat
 + Level 3.0 Spellcasting
 * Level 4.3 Transmutations


You had 6 spell levels left.
You knew the following spells:

 Your Spells              Type           Power        Failure   Level  Hunger
a - Beastly Appendage     Tmut           ##....       3%          1    #......
b - Sticks to Snakes      Tmut           ##......     5%          2    ##.....

Your spell library contained the following spells:

 Spells                   Type           Power        Failure   Level  Hunger
 Spider Form              Tmut/Pois      #.........   26%         3    ###....
 Ice Form                 Ice/Tmut       #.......     65%         4    #####..
 Blade Hands              Tmut           ##........   69%         5    ######.


Dungeon Overview and Level Annotations

Branches:
Dungeon (3/15)

Altars:
Kikubaaqudgha
Sif Muna


Innate Abilities, Weirdness & Mutations

Your plain brown scales are hard. (AC +5)
You cannot fit into any form of body armour.
You are cold-blooded and may be slowed by cold attacks.
You have a pair of horns on your head.


Message History

The orc wizard casts a spell.
The orc wizard flickers and vanishes!
Deactivating autopickup; reactivate with Ctrl-A.
You barely miss something. Something hits you but does no damage.
You swap places.
Something misses your adder.
You hear some strange, mumbled words.
A puff of frost appears from out of thin air!
The puff of frost hits your adder!
Your adder dies!
Something hits you.
* * * LOW HITPOINT WARNING * * *
You hit something.
You hear some strange, mumbled words.
A magic dart appears from out of thin air!
The magic dart hits you.
* * * LOW HITPOINT WARNING * * *
You hear some strange, mumbled words.
A magic dart appears from out of thin air!
The magic dart hits you.
You die...

# #.# #.# # #.# #.# # #.#
#.# ############.# #.#
...........#.# #.#
##########.#.# #.# #.#.# #.#
##########.#)#########.#####
.........)..†>[{@..........#
.#########.#################
.#########.###
.##........<.#
.##..........#
.##..........#
###..........# #..........#
########.##########


There were no monsters in sight!

Vanquished Creatures
  An orc wizard (D:3)
  4 dart slugs
  A leopard gecko (D:1)
  8 orcs
  6 bats
  7 giant cockroaches
  14 goblins
  12 hobgoblins
  A jackal (D:3)
  3 kobolds
  3 quokkas
  3 ball pythons
  6 frilled lizards
  3 rats
72 creatures vanquished.

Vanquished Creatures (collateral kills)
  An adder (D:2)
  A frilled lizard (D:2)
2 creatures vanquished.

Grand Total: 74 creatures vanquished

Notes
Turn   | Place    | Note
-------+----------+-------------------------------------------
     0 | D:1      | Electrofox the Draconian Transmuter began the quest for the
                  | Orb.
     0 | D:1      | Reached XP level 1. HP: 16/16 MP: 3/3
   187 | D:1      | Reached XP level 2. HP: 23/23 MP: 5/5
   583 | D:1      | Reached skill level 3 in Transmutations
   590 | D:1      | Learned a level 2 spell: Sticks to Snakes
   607 | D:1      | Reached XP level 3. HP: 26/28 MP: 6/6
  1256 | D:2      | Found an ancient bone altar of Kikubaaqudgha.
  1868 | D:2      | Reached XP level 4. HP: 34/35 MP: 8/8
  1951 | D:2      | Found a shimmering blue altar of Sif Muna.
  1957 | D:2      | Became a worshipper of Sif Muna the Loreminder
  2842 | D:3      | Reached skill level 4 in Transmutations
  2974 | D:3      | Reached * piety under Sif Muna
  3564 | D:2      | Killed from afar by an orc wizard

Illustrated notes

Levels and vault maps discovered:
D:1:      dpeg_arrival_orchard, layout_loops_ring
D:2:      kennysheep_big_flooded_room, layout_basic, lemuel_round_altar,
          lemuel_round_altar, chequers_decorated_corner
D:3:      layout_basic, trog_eyes_of_draining, minmay_starry_boxes

Skill      XL: |  1  2  3  4 |
---------------+-------------+-----
Transmutations | 3 4 |  4.3
Spellcasting   | 3 |  3.0
Fighting       | |  1.1
Dodging        | |  1.8
Unarmed Combat | |  3.1

Action                   |  1- 3 |  4- 6 || total
-------------------------+-------+-------++-------
Melee: Unarmed           |   169 |    99 ||   268
       Tailslap          |    19 |    14 ||    33
       Punch             |     2 |     2 ||     4
       Kick              |     1 |     3 ||     4
Throw: Stone             |    37 |    33 ||    70
 Cast: Beastly Appendage |     2 |     3 ||     5
       Sticks to Snakes  |     3 |     2 ||     5
 Stab: Sleeping          |     2 |       ||     2
  Eat: Chunk             |     3 |     6 ||     9
Armor: Skin              |    39 |    41 ||    80
Dodge: Dodged            |    96 |    81 ||   177
